 Dungeon Crawl Stone Soup version 0.14-a0-2810-g474977d (webtiles) character file.

681 RIDDIMRIDER the Covered (level 6, -5/55 HPs)
             Began as a Minotaur Fighter on Feb 26, 2014.
             Slain by a troll (15 damage)
             ... on Level 5 of the Dungeon.
             The game lasted 00:35:40 (3705 turns).

RIDDIMRIDER the Covered (Minotaur Fighter)          Turns: 3705, Time: 00:35:41

HP  -5/55        AC  8     Str 27      XL: 6   Next: 98%
MP   3/3         EV  7     Int  5      God:
Gold 172         SH 22     Dex 12      Spells:  0 memorised,  5 levels left

rFire  . . .     SeeInvis .     a - +0 falchion
rCold  . . .     Clarity  .     b - +1 scale mail
rNeg   . . .     Conserve .     c - +0 shield
rPois  .         rCorr    .     (helmet restricted)
rElec  .         rRot     .     (no cloak)
SustAb . .       Spirit   .     (no gloves)
rMut   .         Warding  .     (no boots)
Gourm  +         Stasis   .     t - amulet of the gourmand
MR     .....                    n - cursed ring of hunger
                                d - ring "Ghesal" {Hunger- Str+4 Dex+3, unknown}

@: not resistant to hostile enchantments, extremely unstealthy
A: retaliatory headbutt, horns 2
a: no special abilities


You were on level 5 of the Dungeon.
You were full.

You visited 1 branch of the dungeon, and saw 5 of its levels.

You collected 172 gold pieces.

Inventory:

Hand weapons
 a - a +0,+0 falchion (weapon)
 u - a +0,+0 sling
Missiles
 e - 5 curare-tipped needles
 i - 3 throwing nets
 j - 10 darts (quivered)
 m - a poisoned dart
Armour
 b - a +1 scale mail (worn)
 c - a +0 shield (worn)
 l - a cursed +1 dwarven ring mail
Magical devices
 q - a wand of polymorph (24)
Comestibles
 p - a meat ration
 s - a choko
Scrolls
 f - 2 scrolls of curse armour
 k - 3 scrolls of recharging
 o - 2 scrolls of remove curse
 v - a scroll of identify
Jewellery
 d - the ring "Ghesal" (left hand) {Hunger- Str+4 Dex+3, unknown}
   (You found it on level 5 of the Dungeon)

   [ring of sustenance]

   It affects your strength (+4).
   It affects your dexterity (+3).
 g - an uncursed ring of sustain abilities
 n - a cursed ring of hunger (right hand)
 t - an amulet of the gourmand (around neck)
Potions
 h - a potion of resistance
 w - 2 potions of mutation {unknown}
Books
 r - a book of Wizardry

   Spells                             Type                      Level
   Summon Elemental                   Summoning                    4
   Agony                              Necromancy                   5
   Force Lance                        Conjuration                  5
   Fireball                           Conjuration/Fire             5
   Haste                              Charms                       6
   Invisibility                       Hexes                        6


   Skills:
 + Level 4.8 Fighting
 + Level 4.4 Long Blades
 + Level 1.2 Throwing
 + Level 5.7 Armour
 + Level 2.9 Dodging
 + Level 5.4 Shields


You had 5 spell levels left.
You didn't know any spells.

Dungeon Overview and Level Annotations

Branches:
Dungeon (5/16)
 Temple: D:4-7

Altars:


Innate Abilities, Weirdness & Mutations

You reflexively headbutt those who attack you in melee.
You have a pair of horns on your head.


Message History

The troll claws you.
Your shield prevents you from hitting the troll.
You headbutt the troll.
The troll is heavily wounded.
The troll bites you. The troll claws you but does no damage.
The troll claws you!
* * * LOW HITPOINT WARNING * * *
You slash the troll!
The troll is severely wounded.
You block the troll's attack. The troll claws you but does no damage.
You block the troll's attack.
You closely miss the troll. Your headbutt misses the troll.
The troll is severely wounded.
The troll bites you but does no damage. You block the troll's attack.
The troll claws you.
* * * LOW HITPOINT WARNING * * *
You hit the troll but do no damage.
The troll is severely wounded.
The troll bites you!
You die...

# #...).# # #.# #..####
#. #.####..# #. #.##....#
#.### ###.##.#.### (
#.... ..#.##.....# # ...
...# #.#.##.#.### #
......##T###.#.####.## #
.#....@....#.......####
........>.%.............'
......#############.####
#####. ...# # . #.### #
#. #. . # .


You could see a troll.

Vanquished Creatures
  A sky beast (D:5)
  A gnoll shaman (D:4)
  A hound (D:4)
  An iguana (D:4)
  Natasha (thrice) (D:4)
  A worker ant (D:5)
  6 gnolls (D:4)
  11 adders
  A giant mite (D:1)
  4 giant geckos
  17 orcs
  A ball python (D:2)
  6 giant cockroaches
  13 goblins
  7 hobgoblins
  9 jackals
  6 kobolds
  5 bats
  3 giant newts
  A kobold skeleton (D:4)
  9 rats
107 creatures vanquished.

Notes
Turn   | Place    | Note
--------------------------------------------------------------
     0 | D:1      | RIDDIMRIDER, the Minotaur Fighter, began the quest for the Orb.
     0 | D:1      | Reached XP level 1. HP: 19/19 MP: 1/1
   196 | D:1      | Reached skill level 4 in Fighting
   196 | D:1      | Reached XP level 2. HP: 24/27 MP: 1/1
   841 | D:2      | Reached XP level 3. HP: 33/33 MP: 2/2
  1278 | D:2      | Reached XP level 4. HP: 36/40 MP: 2/2
  1506 | D:3      | Reached skill level 1 in Dodging
  2100 | D:3      | Reached XP level 5. HP: 47/47 MP: 2/2
  2462 | D:4      | Reached skill level 5 in Shields
  2624 | D:4      | Reached XP level 6. HP: 34/53 MP: 3/3
  2769 | D:4      | Noticed Natasha
  2778 | D:4      | Killed Natasha
  2778 | D:4      | Reached skill level 5 in Armour
  2961 | D:4      | Noticed Natasha
  2975 | D:4      | Killed Natasha
  2975 | D:4      | Reached skill level 1 in Throwing
  3311 | D:4      | Noticed Natasha
  3317 | D:4      | Killed Natasha
  3480 | D:5      | Entered Level 5 of the Dungeon
  3561 | D:5      | Got a slimy amber ring
  3687 | D:5      | Noticed a troll
  3705 | D:5      | Slain by a troll

Action                   |  1- 3 |  4- 6 || total
-------------------------+-------+-------++-------
Melee: Falchion          |   107 |   240 ||   347
Throw: Dart              |       |     7 ||     7
Evoke: Wand              |     1 |       ||     1
  Use: Potion            |     3 |     1 ||     4
       Scroll            |     7 |     7 ||    14
